 Dungeon Crawl Stone Soup version 0.26-a0-818-g75db068ed4 (webtiles) character file.

Game seed: 17695358490246625422

24763 reriks the Blocker (level 13, -1/106 HPs)
             Began as a Formicid Fighter on Nov 15, 2020.
             Was a High Priest of Lugonu.
             Slain by a seven-headed hydra (4 damage)
             ... on level 3 of the Lair of Beasts.
             The game lasted 00:32:18 (23258 turns).

reriks the Blocker (Formicid Fighter)              Turns: 23258, Time: 00:32:19

Health: -1/106     AC: 26    Str: 25    XL:     13   Next: 45%
Magic:  21/21      EV:  7    Int:  9    God:    Lugonu [*****.]
Gold:   1032       SH: 13    Dex: 14    Spells: 12/12 levels left

rFire    . . .     SeeInvis +   O - +2 great sword (flame)
rCold    . . .     Faith    .   c - +0 kite shield
rNeg     . . .     Spirit   .   e - +3 plate armour
rPois    +         Reflect  .   (helmet unavailable)
rElec    +         Harm     .   i - +2 cloak
rCorr    .         Rampage  .   K - +2 pair of gloves of Nikk {rElec Dex+4}
MR       ++...                  t - +0 pair of boots
Stlth    ..........             (no amulet)
HPRegen  0.27/turn              E - ring of protection from magic
MPRegen  0.17/turn              A - ring of poison resistance

@: no status effects
A: permanent stasis, dig shafts and tunnels, four strong arms, antennae 3
a: Dig, Shaft Self, Depart the Abyss, Bend Space, Banish, Corrupt, Enter the
Abyss, Renounce Religion


You were on level 3 of the Lair of Beasts.
You worshipped Lugonu.
Lugonu was extremely pleased with you.
You visited 3 branches of the dungeon, and saw 16 of its levels.
You visited the Abyss 1 time.
You also visited: Volcano.

You collected 1032 gold pieces.

Inventory:

Hand Weapons
 a - a +1 war axe
 H - a +2 battleaxe
 O - a +2 great sword of flaming (weapon)
 U - a +3 battleaxe
Missiles
 m - 63 poisoned darts
 C - 10 atropa-tipped darts
 D - a curare-tipped dart (quivered)
Armour
 b - a +0 scale mail
 c - a +0 kite shield (worn)
 e - a +3 plate armour (worn)
 i - a +2 cloak (worn)
 r - a +0 cloak
 t - a +0 pair of boots (worn)
 F - a +2 buckler
 I - a +1 pair of gloves
 K - the +2 pair of gloves of Nikk (worn) {rElec Dex+4}
   (You acquired it on level 11 of the Dungeon)

   It affects your dexterity (+4).
   It insulates you from electricity.
 T - a +0 hat
Jewellery
 g - an uncursed ring of ice
 y - an uncursed ring of flight
 A - a ring of poison resistance (right hand)
 E - a ring of protection from magic (left hand)
Wands
 f - a wand of disintegration (1)
 G - a wand of enslavement (16)
 L - a wand of polymorph (15)
 P - a wand of flame (51)
 Q - a wand of paralysis (6)
 R - a wand of acid (3)
 W - a wand of iceblast (6)
Scrolls
 j - 3 scrolls of blinking
 n - 7 scrolls of remove curse
 u - 5 scrolls of amnesia
 x - a scroll of immolation
 z - 3 scrolls of identify
 S - a scroll of fear
 V - a scroll of torment
 X - a scroll of magic mapping
Potions
 d - a potion of might
 h - a potion of flight
 k - 5 potions of curing
 l - a potion of resistance
 o - 4 potions of brilliance
 p - 2 potions of heal wounds
 q - 4 potions of degeneration
 s - 5 potions of lignification
 v - 2 potions of magic
 w - 3 potions of attraction
 B - a potion of invisibility
 J - 4 potions of berserk rage
 M - a potion of ambrosia
Miscellaneous
 N - a lightning rod (4/4)


   Skills:
 + Level 11.3 Fighting
 + Level 10.2 Axes
 + Level 11.3 Armour
 - Level 0.1 Dodging
 + Level 12.2 Shields
 + Level 10.9 Invocations


You had 12 spell levels left.
You didn't know any spells.
Your spell library contained the following spells:

 Spells                   Type           Power        Failure   Level
 Animate Skeleton         Necr           #.....       98%         1
 Apportation              Tloc           #.....       98%         1
 Corona                   Hex            #......      98%         1
 Freeze                   Ice            #...         98%         1
 Summon Small Mammal      Summ           #...         98%         1
 Call Imp                 Summ           #.......     99%         2
 Call Canine Familiar     Summ           #.......     100%        3
 Frozen Ramparts          Ice            #.....       100%        3
 Ozocubu's Armour         Ice            #.......     100%        3
 Summon Guardian Golem    Hex/Summ       #.......     100%        3
 Hailstorm                Conj/Ice       #.......     100%        4
 Summon Ice Beast         Ice/Summ       #.......     100%        4
 Summon Lightning Spire   Summ/Air       #.......     100%        4


Dungeon Overview and Level Annotations

Branches:
Dungeon (12/15)            Temple (1/1) D:5            Lair (3/6) D:11
 Shoals (0/4) Lair:2       Spider (0/4) Lair:2          Orc (0/2) D:11
Volcano (visited)

Altars:
Ashenzari
Cheibriados
Dithmenos
Elyvilon
Fedhas
Hepliaklqana
Kikubaaqudgha
Makhleb
Nemelex Xobeh
Okawaru
Qazlal
Ru
Sif Muna
Trog
Vehumet
Xom
Yredelemnul
Zin
The Shining One

Shops:
D:7 :   D:10 !


Innate Abilities, Weirdness & Mutations

You cannot be hasted, slowed, berserked, paralysed or teleported.
You can dig through walls and to a lower floor.
Your four strong arms can wield two-handed weapons with a shield.
You have a pair of large antennae on your head. (SInv)


Message History

You lop one of the eight-headed hydra's heads off!
The flame cauterises the wound!
You hit the seven-headed hydra. You burn the seven-headed hydra.
The seven-headed hydra is almost dead.
The seven-headed hydra bites you but does no damage.
You block the seven-headed hydra's attack. x2
The seven-headed hydra bites you but does no damage.
The seven-headed hydra completely misses you.
The seven-headed hydra bites you but does no damage.
The seven-headed hydra bites you!
* * * LOW HITPOINT WARNING * * *
The seven-headed hydra barely misses you.
The seven-headed hydra bites you but does no damage.
You block the seven-headed hydra's attack.
The seven-headed hydra barely misses you.
The seven-headed hydra bites you!
* * * LOW HITPOINT WARNING * * *
The seven-headed hydra bites you but does no damage.
The seven-headed hydra bites you.
You die...

#...............#.#..#
#...............### ##
#.......##.......##
#..#..###.........##
#P##### ###......#.#
## #...P.{.##
#.###.{.## ####{#...#
#@#Y##...#
##D###.....# ###
#.....# #.#...D.
####..Y#. #.... ....


You could see a seven-headed hydra.

Vanquished Creatures
  Gastronok (D:11)
  2 hydras
  A centaur warrior (Volcano)
  2 two-headed ogres
  An unseen horror (D:11)
  A hell knight (Volcano)
  An ugly thing (D:12)
  A cyclops (D:11)
  2 black mambas (Lair:1)
  2 molten gargoyles (Volcano)
  A merfolk siren (Lair:2)
  5 cane toads
  3 yaktaurs (Volcano)
  A rime drake (Lair:1)
  7 komodo dragons
  A troll (D:11)
  3 blink frogs (Lair:2)
  15 yaks (D:10)
  2 basilisks (Lair:2)
  5 wyverns
  A fire bat (Volcano)
  Grum (D:8)
  Edmund (D:5)
  An acid dragon (D:11)
  6 water moccasins
  6 orc warriors
  4 ice beasts
  3 sky beasts
  3 necrophages
  6 ogres
  17 wolves
  2 black bears
  6 centaurs
  2 big kobolds
  Blork the orc (D:4)
  11 bullfrogs
  2 scorpions
  15 wights
  2 howler monkeys
  3 electric eels
  5 lava snakes (Volcano)
  A crimson imp (D:4)
  A quasit (D:8)
  2 bullfrog zombies
  5 jellies
  4 hounds
  2 centaur skeletons
  5 orc priests
  9 orc wizards
  3 iguanas
  6 worker ants
  A hound zombie (D:9)
  A hound skeleton (D:7)
  2 worker ant zombies (D:11)
  8 adders
  A howler monkey skeleton (D:7)
  A white imp (D:4)
  2 oozes
  2 ufetubi
  3 adder zombies
  2 adder skeletons (D:6)
  4 worms
  7 dart slugs
  5 leopard geckos
  48 orcs
  A ball python (D:5)
  8 giant cockroaches
  8 hobgoblins
  15 jackals
  3 quokkas
  6 bats
  A frilled lizard (D:3)
  8 goblins
  A jackal skeleton (D:4)
  32 kobolds
  2 leopard gecko skeletons
  A leopard gecko zombie (D:5)
  5 rats
371 creatures vanquished.

Vanquished Creatures (others)
  A fire bat (Volcano)
  A lava snake (Volcano)
  A kobold (D:7)
  4 fungi
  75 plants
82 creatures vanquished.

Grand Total: 453 creatures vanquished

Notes
Turn   | Place    | Note
-------+----------+-------------------------------------------
     0 | D:1      | reriks the Formicid Fighter began the quest for the Orb.
     0 | D:1      | Reached XP level 1. HP: 18/18 MP: 1/1
    79 | D:1      | Reached XP level 2. HP: 24/24 MP: 2/2
   436 | D:1      | Reached XP level 3. HP: 27/29 MP: 3/3
   436 | D:1      | Cast into level 1 of the Abyss (kobold)
   482 | Abyss:1  | Noticed a starcursed mass
   485 | Abyss:1  | Noticed a large abomination
   502 | Abyss:2  | Found a corrupted altar of Lugonu.
   504 | Abyss:2  | Became a worshipper of Lugonu the Unformed
   504 | Abyss:2  | Reached * piety under Lugonu
   505 | D:1      | Escaped the Abyss
   513 | D:1      | Reached skill level 4 in Shields
  1376 | D:2      | Reached XP level 4. HP: 27/37 MP: 4/4
  2321 | D:3      | Reached XP level 5. HP: 26/42 MP: 5/5
  3187 | D:3      | Reached ** piety under Lugonu
  3653 | D:4      | Noticed an ogre
  3980 | D:4      | Noticed Blork the orc
  3982 | D:4      | Reached XP level 6. HP: 49/49 MP: 6/6
  3983 | D:4      | Killed Blork the orc
  3984 | D:4      | Reached skill level 5 in Shields
  4464 | D:4      | Killed an ogre
  4465 | D:4      | Reached XP level 7. HP: 32/55 MP: 7/7
  5093 | D:4      | Reached skill level 5 in Fighting
  5093 | D:4      | Reached skill level 5 in Armour
  5368 | D:5      | Entered Level 5 of the Dungeon
  5638 | D:5      | Found a staircase to the Ecumenical Temple.
  5674 | Temple   | Entered the Ecumenical Temple
  5851 | D:5      | Noticed Edmund
  5881 | D:5      | Killed Edmund
  5882 | D:5      | Reached skill level 6 in Shields
  5882 | D:5      | Reached skill level 1 in Invocations
  6014 | D:5      | Reached XP level 8. HP: 49/63 MP: 8/8
  6697 | D:5      | Reached skill level 5 in Axes
  7372 | D:6      | Reached XP level 9. HP: 65/69 MP: 11/11
  7458 | D:6      | Reached *** piety under Lugonu
  7512 | D:6      | Reached skill level 7 in Shields
  8948 | D:6      | Reached skill level 5 in Invocations
  9678 | D:7      | Reached **** piety under Lugonu
  9703 | D:7      | Found Latut's Book Boutique.
  9717 | D:7      | Reached skill level 8 in Shields
  9896 | D:7      | Reached XP level 10. HP: 76/78 MP: 13/13
 10484 | D:8      | Noticed Grum
 10771 | D:8      | Killed Grum
 10840 | D:8      | Noticed a two-headed ogre
 11178 | D:8      | Found a blossoming altar of Fedhas.
 11331 | D:7      | Killed a two-headed ogre
 11332 | D:7      | Reached skill level 9 in Shields
 12952 | D:9      | Reached XP level 11. HP: 82/86 MP: 16/16
 13015 | D:10     | Entered Level 10 of the Dungeon
 13794 | D:10     | Reached ***** piety under Lugonu
 14077 | D:10     | Found Deisetaff's Distillery.
 14309 | D:10     | Reached skill level 10 in Shields
 14766 | D:11     | Noticed a cyclops
 15034 | D:11     | Killed a cyclops
 15234 | D:11     | Noticed an unseen horror
 15264 | D:11     | Killed an unseen horror
 15519 | D:11     | Noticed Gastronok
 16380 | D:11     | Found a staircase to the Lair.
 17613 | D:11     | Reached XP level 12. HP: 22/97 MP: 18/18
 17971 | D:11     | Killed Gastronok
 17972 | D:11     | Reached skill level 10 in Fighting
 17972 | D:11     | Reached skill level 10 in Armour
 18061 | D:11     | Identified a scroll of acquirement
 18061 | D:11     | Acquired the +2 pair of gloves of Nikk {rElec Dex+4}
 18390 | D:11     | Found a staircase to the Orcish Mines.
 18787 | D:12     | Noticed a two-headed ogre
 18794 | D:12     | Killed a two-headed ogre
 18795 | D:12     | Reached skill level 11 in Shields
 19010 | Lair:1   | Entered Level 1 of the Lair of Beasts
 19737 | Lair:1   | Noticed a five-headed hydra
 19742 | Lair:1   | Killed a five-headed hydra
 20383 | Lair:1   | Reached skill level 10 in Invocations
 20894 | Lair:2   | Found a dark tunnel.
 20901 | Volcano  | Entered a volcano
 21110 | Volcano  | Corrupted Volcano
 21110 | Volcano  | Noticed a starcursed mass
 21110 | Volcano  | Noticed an unseen horror
 21111 | Volcano  | Noticed a starcursed mass
 21111 | Volcano  | Noticed a thrashing horror
 21378 | Volcano  | Found a radiant altar of Vehumet.
 21378 | Volcano  | Noticed a centaur warrior
 21383 | Volcano  | Reached XP level 13. HP: 100/104 MP: 20/20
 21384 | Volcano  | Killed a centaur warrior
 21956 | Lair:2   | Found a hole to the Spider Nest.
 21985 | Lair:2   | Reached skill level 10 in Axes
 22014 | Lair:2   | Reached skill level 12 in Shields
 22414 | Lair:2   | Noticed a five-headed hydra
 22423 | Lair:2   | Killed a two-headed hydra
 22782 | Lair:2   | Found a staircase to the Shoals.
 23236 | Lair:3   | Noticed a five-headed hydra
 23258 | Lair:3   | HP: 3/106 [seven-headed hydra (9)]
 23258 | Lair:3   | Slain by a seven-headed hydra

Illustrated notes

Levels and vault maps discovered:
D:1:      dpeg_arrival_round_a, layout_loops_corners
D:2:      wander_river, layout_rooms
D:3:      layout_basic, minmay_pentangle
D:4:      layout_basic, minmay_fire_ice_demons, uniq_blork_the_orc
D:5:      layout_basic, minmay_temple_entry_drinking_statues, uniq_edmund
D:6:      layout_loops_ring
D:7:      kennysheep_kobold_camp, layout_basic, serial_shops,
          nicolae_shop_behind_doors
D:8:      layout_cave_pools, fedhas_altar_1, uniq_grum
D:9:      layout_long_grid
D:10:     layout_irregular_city, serial_shops, shop_coins
D:11:     layout_loops_corners, erik_lair_island, orc_0_dummy,
          minmay_misc_feat_tower, uniq_gastronok
D:12:     minmay_quarter_circles, layout_loops_ring, eino_jars
Temple:   kilobyte_greek_temple
Lair:1:   layout_regular_city, beast_lair_carwin_9, grunt_megastairs_1,
          serial_bayou_shore_a, serial_bayou_shore_b
Lair:2:   layout_regular_city, minmay_shoals_entry_lonely_mermaid,
          dummy_spider_entry, nicolae_volcano_entry_hallway,
          hangedman_lair_unloving_vines
Lair:3:   layout_hall_layers, grunt_megastairs_4

Skill      XL: |  1  2  3  4  5  6  7  8  9 10 11 12 13 |
---------------+----------------------------------------+-----
Shields        | 4 5 6 8 9 10 11 12 | 12.2
Fighting       | 4 5 6 7 8 9 10 11 | 11.3
Armour         | 4 5 6 7 8 9 10 11 | 11.3
Axes           | 3 4 5 6 7 8 9 10 | 10.2
Invocations    | 1 3 5 7 8 10 | 10.9
Dodging        | |  0.1

Action                   |  1- 3 |  4- 6 |  7- 9 | 10-12 | 13-15 || total
-------------------------+-------+-------+-------+-------+-------++-------
Melee: War axe           |    65 |   187 |   377 |       |       ||   629
       Battleaxe         |       |       |    35 |   581 |   115 ||   731
       Great sword       |       |       |       |       |     9 ||     9
Throw: Dart              |       |       |    35 |    89 |       ||   124
Invok: Depart the Abyss  |     1 |       |       |       |       ||     1
       Bend Space        |       |       |       |     1 |       ||     1
       Corrupt           |       |       |       |     1 |       ||     1
 Abil: Dig               |       |       |       |     2 |     1 ||     3
Evoke: Wand              |       |     9 |     5 |     5 |     2 ||    21
       Lightning rod     |       |       |       |     1 |       ||     1
  Use: Scroll            |       |     8 |     6 |    14 |     3 ||    31
       Potion            |       |       |       |     5 |       ||     5
Armor: Plate armour      |    38 |   109 |   221 |   409 |    95 ||   872
Dodge: Dodged            |    13 |    41 |    89 |   195 |    24 ||   362
Block: Kite shield       |    46 |   108 |   248 |   451 |    84 ||   937

Table legend: (Time is in decaauts)
 A = Elapsed time spent in this place.
 B = Non-inter-level travel time spent in this place.
 C = Inter-level travel time spent in this place.
 D = Time resting spent in this place.
 E = Time spent auto-exploring this place.
 F = Levels seen in this place.
 G = Mean time per level.
                   A        B        C        D        E       F      G
               +--------+--------+--------+--------+--------+-----+--------+
         Total |  23742 |  22552 |   1190 |   9903 |   8341 |  19 | 1249.6 |
       Dungeon |  19205 |  18096 |   1109 |   8118 |   6769 |  12 | 1600.4 |
        Temple |    146 |    119 |     27 |      0 |    110 |   1 |  146.0 |
          Lair |   3301 |   3247 |     54 |   1310 |   1462 |   3 | 1100.3 |
         Abyss |     68 |     68 |      0 |      0 |      0 |   2 |   34.0 |
       Volcano |   1020 |   1020 |      0 |    475 |      0 |   1 | 1020.0 |
               +--------+--------+--------+--------+--------+-----+--------+

Top non-repeatable levels by time:
    D:10: 3092 daAuts
    D:11: 2747 daAuts
     D:7: 2210 daAuts
  Lair:1: 1904 daAuts
     D:6: 1835 daAuts
     D:5: 1716 daAuts
     D:3: 1660 daAuts
     D:4: 1530 daAuts
     D:1: 1314 daAuts
  Lair:2: 1202 daAuts
 Volcano: 1020 daAuts
     D:8: 1010 daAuts
     D:2: 926 daAuts
     D:9: 912 daAuts
    D:12: 246 daAuts
